Map: Cactus Valley LE (Void)

Players

Namshar - Winner!

  • Race: Zerg Zerg
  • Spawn Location: 1:00

Indy

  • Race: Protoss Protoss
  • Spawn Location: 5:00

Event: IEM XI Katowice - World Championship 2017

VOD

Have the link to the VOD?

Description

Time

  • Played on: Feb. 28, 2017, 10:51 a.m.
  • Length: 23:42

All games in this series

Show
View Real Time Build Order
Export as new Build Order

Namshar Zerg - Winner!

Build Orders: Pool First, Lurkers 

Get SALT Encoding   

  12  0:00  Drone  
  13  0:12  Overlord  
  13  0:17  Drone  
  14  0:31  Drone x2  
  14  0:34  Drone  
  17  0:45  Spawning Pool  
  17  0:48  Drone  
  17  1:00  Drone  
  17  1:02  Extractor  
  17  1:07  Drone  
  18  1:31  Queen  
  18  1:32  Zergling x4  
  22  1:41  Overlord  
  22  1:47  Hatchery  
  21  1:49  Drone  
  22  2:03  Metabolic Boost, Drone  
  23  2:10  Queen  
  25  2:28  Hatchery  
  24  2:35  Overlord  
  24  2:38  Drone  
  24  2:43  Drone  
  26  2:46  Drone  
  26  2:47  Drone  
  28  2:51  Drone  
  28  2:54  Drone  
  30  3:02  Drone  
  31  3:07  Queen  
  33  3:14  Zergling x2  
  33  3:15  Drone  
  33  3:18  Drone x2  
  37  3:20  Drone  
  37  3:21  Drone  
  37  3:25  Drone  
  40  3:29  Overlord  
  40  3:31  Drone  
  40  3:33  Drone  
  42  3:39  Drone x2  
  42  3:40  Drone  
  44  3:50  Spore Crawler x2  
  44  3:53  Drone x3  
  44  3:54  Drone  
  46  3:59  Drone  
  47  4:03  Roach Warren  
  47  4:07  Spore Crawler  
  47  4:09  Drone  
  46  4:11  Drone  
  46  4:12  Drone x4  
  50  4:20  Lair, Overlord  
  49  4:28  Overlord  
  49  4:31  Drone  
  49  4:33  Zergling x8  
  49  4:34  Evolution Chamber  
  49  4:35  Zergling x2  
  49  4:37  Zergling x2  
  55  4:42  Zergling x2  
  55  4:43  Zergling x8  
  59  4:52  Drone  
  59  4:55  Zergling x2  
  59  4:58  Drone x5  
  65  5:04  Zerg Missile Weapons Level 1  
  65  5:05  Drone  
  65  5:06  Drone  
  67  5:09  Overlord, Drone  
  67  5:10  Overlord  
  67  5:11  Drone x2  
  70  5:16  Extractor x2  
  68  5:26  Drone x5  
  68  5:27  Drone  
  73  5:31  Drone  
  73  5:32  Glial Reconstitution, Hydralisk Den  
  73  5:36  Drone x2  
  73  5:37  Extractor, Drone x2  
  73  5:38  Overlord  
  73  5:41  Drone  
  77  5:47  Drone  
  77  5:48  Drone  
  77  5:49  Extractor  
  78  5:50  Drone  
  78  5:51  Drone x2  
  81  5:57  Drone  
  81  5:58  Extractor  
  81  6:00  Drone x3  
  81  6:01  Hatchery, Overlord x2  
  81  6:04  Muscular Augments  
  82  6:12  Overlord x2  
  82  6:15  Hydralisk x3  
  88  6:18  Overseer  
  88  6:21  Overlord  
  88  6:23  Hydralisk x2  
  92  6:26  Drone  
  92  6:30  Queen  
  95  6:33  Queen  
  95  6:35  Overlord  
  97  6:46  Drone  
  101  6:47  Hatchery, Drone x4  
  101  6:51  Drone x2  
  103  6:58  Hydralisk x4, Zerg Melee Weapons Level 1  
  111  7:04  Drone  
  111  7:07  Baneling Nest  
  111  7:08  Overseer  
  111  7:12  Hydralisk x3  
  111  7:13  Hydralisk  
  119  7:15  Lurker Den  
  119  7:20  Drone  
  119  7:21  Overlord x2  
  120  7:25  Extractor, Drone  
  120  7:26  Spore Crawler, Drone x2  
  120  7:27  Extractor  
  120  7:42  Drone  
  120  7:43  Infestation Pit  
  120  7:47  Drone  
  121  7:53  Centrifical Hooks, Zergling x2  
  121  7:54  Zergling x32  
  138  8:00  Zergling x2  
  138  8:01  Zergling x2  
  138  8:05  Spine Crawler  
  139  8:07  Spine Crawler  
  139  8:08  Spine Crawler, Drone x2  
  139  8:14  Hydralisk x2  
  139  8:15  Zergling x6  
  139  8:17  Baneling x5  
  144  8:38  Drone x2  
  144  8:46  Hive  
  144  8:47  Drone  
  144  8:48  Spire  
  139  8:50  Drone x2  
  139  8:51  Drone x2  
  139  8:53  Lurker x4  
  139  8:54  Lurker x2  
  149  8:56  Lurker x2  
  149  8:59  Zergling x22  
  149  9:01  Baneling  
  149  9:02  Baneling x5  
  162  9:06  Zerg Melee Weapons Level 2  
  162  9:09  Drone  
  163  9:11  Evolution Chamber  
  162  9:20  Baneling x4  
  162  9:21  Baneling x10  
  150  9:26  Baneling x2  
  150  9:27  Baneling x2  
  150  9:44  Overlord  
  150  9:45  Overlord x3  
  150  9:46  Zerg Ground Armor Level 1  
  150  9:48  Hydralisk x4  
  150  9:49  Zergling x18  
  163  10:10  Greater Spire  
  163  10:17  Baneling x7  
  163  10:33  Corruptor x9  
  163  10:34  Corruptor  
  177  10:48  Adrenal Glands  
  171  10:59  Hydralisk x2, Zergling x2  
  171  11:00  Zergling x14  
  161  11:24  Brood Lord x5  
  166  11:27  Brood Lord  
  155  11:44  Drone x3  
  155  11:45  Extractor, Drone  
  155  11:46  Brood Lord  
  155  11:47  Brood Lord, Drone x3  
  158  11:51  Zergling x16  
  158  11:52  Zergling x10  
  174  11:55  Queen  
  174  11:59  Corruptor x3  
  174  12:01  Hatchery  
  167  12:32  Zergling x20  
  167  12:33  Zergling x16  
  167  12:35  Corruptor x4  
  175  12:42  Zerg Flyer Weapons Level 1  
  175  12:44  Zerg Melee Weapons Level 3  
  175  12:55  Corruptor x3  
  181  12:59  Queen  
  182  13:05  Overseer  
  182  13:06  Pneumatized Carapace  
  182  13:15  Corruptor x3  
  182  13:18  Overseer  
  188  13:23  Overseer  
  188  13:24  Overseer  
  187  13:30  Zergling x16  
  159  14:05  Drone  
  159  14:08  Drone  
  159  14:09  Drone x11  
  172  14:11  Drone  
  172  14:12  Spire  
  172  14:13  Zerg Ground Armor Level 2  
  172  14:16  Corruptor x4  
  174  14:20  Overseer  
  180  14:25  Drone x3  
  183  14:33  Corruptor x2  
  183  14:38  Baneling x6  
  187  14:39  Extractor x2  
  187  14:42  Zergling x2  
  187  14:43  Zergling x8  
  187  15:06  Hatchery  
  183  15:07  Corruptor x2  
  183  15:08  Corruptor x2  
  183  15:11  Brood Lord  
  190  15:28  Zergling x20  
  184  15:36  Zergling x2  
  184  15:37  Zergling x6  
  188  15:47  Overlord x3  
  188  15:48  Zerg Flyer Weapons Level 2, Overlord  
  188  15:49  Zerg Flyer Armor Level 1  
  188  15:56  Spine Crawler x2, Drone x2  
  187  15:58  Spine Crawler x2  
  179  16:07  Brood Lord  
  179  16:08  Brood Lord x2  
  185  16:13  Brood Lord  
  187  16:23  Corruptor x2  
  187  16:24  Corruptor  
  193  16:39  Overseer  
  193  16:40  Overseer  
  193  16:41  Corruptor x2  
  198  16:47  Zergling x6  
  200  17:13  Corruptor x4  
  198  17:22  Corruptor  
  200  17:30  Extractor  
  200  17:31  Extractor  
  200  17:32  Overseer, Overlord x3  
  200  17:33  Overseer  
  198  17:53  Corruptor  
  198  17:54  Zerg Flyer Armor Level 2  
  200  18:17  Overseer  
  200  18:18  Baneling  
  200  18:19  Baneling x14  
  126  18:47  Corruptor x11  
  125  18:48  Corruptor  
  125  18:49  Corruptor x2  
  125  18:50  Zergling x2  
  125  18:51  Zergling x26  
  141  18:58  Zergling x10  
  145  19:03  Ultralisk Cavern  
  145  19:05  Queen  
  145  19:09  Queen  
  146  19:13  Baneling  
  146  19:14  Baneling x5  
  148  19:18  Baneling x2  
  148  19:28  Baneling x5  
  148  19:36  Drone  
  149  19:38  Zerg Flyer Weapons Level 3  
  149  19:47  Brood Lord x2  
  149  19:48  Brood Lord  
  153  20:02  Zergling x12  
  153  20:04  Hatchery  
  157  20:25  Overseer  
  157  20:29  Queen, Overlord  
  159  20:36  Brood Lord x2  
  159  20:37  Brood Lord  
  159  20:38  Brood Lord  
  159  20:39  Brood Lord x3  
  159  20:40  Corruptor x4  
  169  20:47  Corruptor  
  169  20:48  Corruptor  
  173  20:51  Corruptor x2  
  175  21:01  Corruptor x3  
  175  21:05  Zergling x12  
  175  21:09  Queen  
  183  21:14  Zergling x8  
  187  21:22  Corruptor x2  
  190  21:37  Hatchery  
  176  22:00  Corruptor x4  
  181  22:13  Corruptor  
  182  22:19  Drone x2  
  184  22:23  Zergling x2  
  184  22:24  Zergling x16  
  184  22:25  Overlord x2  
  191  22:52  Overlord x2  
  189  23:03  Corruptor x2  
Show
View Real Time Build Order
Export as new Build Order

Indy Protoss 

Build Orders: 1 Gate Expand, Oracle Opening 

Get SALT Encoding   

  12  0:00  Probe (Chrono Boost)  
  13  0:11  Probe (Chrono Boost)  
  14  0:19  Pylon  
  14  0:21  Probe (Chrono Boost)  
  15  0:37  Probe (Chrono Boost)  
  15  0:38  Gateway  
  16  0:48  Probe (Chrono Boost)  
  16  0:49  Assimilator  
  17  0:58  Probe (Chrono Boost)  
  18  1:09  Probe (Chrono Boost)  
  19  1:18  Pylon  
  19  1:31  Nexus  
  19  1:34  Probe (Chrono Boost)  
  19  1:39  Cybernetics Core  
  20  1:45  Probe (Chrono Boost)  
  21  1:50  Assimilator  
  21  1:57  Zealot  
  21  1:59  Pylon  
  23  2:04  Probe (Chrono Boost)  
  23  2:16  Warp Gate  
  23  2:18  Probe (Chrono Boost)  
  24  2:28  Probe (Chrono Boost)  
  27  2:38  Stargate  
  27  2:39  Probe (Chrono Boost)  
  27  2:44  Probe (Chrono Boost)  
  27  2:47  Stalker  
  27  2:49  Probe (Chrono Boost)  
  30  2:54  Probe (Chrono Boost)  
  31  3:00  Probe (Chrono Boost)  
  31  3:05  Probe (Chrono Boost)  
  33  3:08  Gateway  
  33  3:10  Probe (Chrono Boost)  
  34  3:15  Probe (Chrono Boost)  
  34  3:18  Oracle  
  35  3:22  Gateway, Probe (Chrono Boost)  
  35  3:26  Probe (Chrono Boost)  
  41  3:34  Pylon, Probe (Chrono Boost)  
  41  3:36  Probe (Chrono Boost)  
  42  3:43  Pylon  
  42  3:46  Probe (Chrono Boost)  
  45  3:48  Mothership Core (Chrono Boost)  
  45  3:56  Oracle  
  45  3:58  Probe (Chrono Boost)  
  45  4:02  Pylon  
  49  4:06  Probe (Chrono Boost)  
  51  4:11  Probe (Chrono Boost)  
  51  4:17  Probe (Chrono Boost)  
  51  4:23  Adept x2, Probe (Chrono Boost)  
  57  4:24  Adept  
  57  4:28  Nexus, Probe (Chrono Boost)  
  60  4:37  Probe (Chrono Boost)  
  62  4:38  Probe (Chrono Boost)  
  62  4:39  Assimilator  
  62  4:42  Assimilator  
  62  4:45  Twilight Council  
  62  4:49  Probe (Chrono Boost)  
  62  4:50  Probe (Chrono Boost)  
  61  4:54  Pylon  
  61  4:57  Pylon  
  61  5:01  Probe (Chrono Boost)  
  62  5:08  Robotics Facility  
  62  5:12  Probe (Chrono Boost)  
  62  5:14  Probe (Chrono Boost)  
  64  5:18  Forge  
  64  5:20  Gateway  
  64  5:22  Probe (Chrono Boost)  
  64  5:24  Sentry x2  
  64  5:26  Probe (Chrono Boost)  
  68  5:30  Blink  
  68  5:33  Pylon, Probe (Chrono Boost)  
  69  5:36  Adept  
  69  5:38  Probe (Chrono Boost)  
  69  5:40  Probe (Chrono Boost)  
  73  5:43  Probe (Chrono Boost)  
  75  5:50  Probe (Chrono Boost)  
  75  5:51  Probe (Chrono Boost)  
  75  5:54  Probe (Chrono Boost)  
  75  5:56  Protoss Ground Weapons Level 1  
  77  6:01  Probe (Chrono Boost)  
  77  6:02  Probe (Chrono Boost)  
  79  6:04  Probe (Chrono Boost)  
  79  6:05  Sentry  
  82  6:12  Assimilator, Probe (Chrono Boost)  
  82  6:14  Assimilator, Probe (Chrono Boost)  
  82  6:15  Gateway  
  84  6:19  Robotics Facility  
  84  6:20  Warp Prism  
  84  6:23  Robotics Bay  
  84  6:24  Probe (Chrono Boost)  
  87  6:26  Probe (Chrono Boost)  
  87  6:27  Probe (Chrono Boost)  
  89  6:34  Pylon, Probe (Chrono Boost)  
  89  6:39  Sentry  
  92  6:40  Stalker  
  92  6:42  Probe (Chrono Boost)  
  92  6:44  Pylon, Probe (Chrono Boost)  
  92  6:46  Pylon  
  96  6:48  Photon Cannon  
  96  6:50  Probe (Chrono Boost)  
  96  6:52  Stalker  
  99  7:04  Disruptor  
  99  7:05  Disruptor  
  99  7:14  Gateway  
  105  7:16  Stalker  
  105  7:17  Gateway, Stalker  
  105  7:20  Gateway  
  109  7:22  Stalker  
  109  7:23  Stalker  
  113  7:36  Disruptor x2  
  113  7:44  Adept x3  
  121  7:45  Pylon  
  121  8:01  Adept  
  121  8:03  Protoss Ground Weapons Level 2  
  123  8:07  Disruptor x2  
  129  8:18  Stalker x2  
  133  8:20  Pylon  
  133  8:23  Pylon x2  
  133  8:26  Nexus  
  129  8:31  Stalker x2  
  131  8:47  Oracle  
  126  8:51  Stalker x6  
  126  8:55  Photon Cannon  
  138  8:57  Photon Cannon  
  138  8:59  Pylon  
  138  9:00  Observer, Stalker x2  
  138  9:01  Pylon  
  142  9:09  Disruptor  
  143  9:16  Zealot x5  
  150  9:28  Fleet Beacon  
  150  9:32  Stargate  
  146  9:42  Stalker  
  146  9:43  Stalker x4  
  150  9:52  Stalker x3  
  156  10:11  Observer  
  156  10:12  Stalker  
  156  10:13  Stalker x3  
  165  10:25  Assimilator  
  165  10:26  Assimilator, Probe (Chrono Boost)  
  165  10:27  Probe x3 (Chrono Boost)  
  148  10:42  Zealot x8  
  162  10:44  Charge  
  166  10:51  Probe (Chrono Boost)  
  163  10:58  Stargate  
  163  10:59  Oracle  
  148  11:22  Tempest  
  141  11:31  Tempest  
  147  11:36  Protoss Ground Weapons Level 3  
  147  11:39  Tempest  
  159  11:49  Warp Prism  
  161  12:12  Nexus  
  161  12:14  Pylon  
  161  12:16  Zealot x8  
  168  12:36  Stalker x3  
  168  12:37  Stalker x5  
  151  12:46  Disruptor x2, Tempest  
  161  13:06  Dark Shrine  
  161  13:26  Stalker x8  
  177  13:31  Templar Archives  
  174  13:51  Zealot x6  
  174  14:00  Zealot  
  154  14:07  High Templar  
  154  14:09  High Templar  
  156  14:14  High Templar  
  156  14:15  High Templar x5  
  156  14:16  Archon  
  168  14:20  Archon x3  
  168  14:32  Nexus  
  168  14:35  Pylon  
  168  14:41  Zealot x2  
  168  14:42  Carrier  
  178  14:59  Zealot  
  178  15:00  Zealot x3  
  178  15:06  Protoss Air Weapons Level 1  
  184  15:13  Carrier  
  184  15:14  Photon Cannon  
  184  15:26  Psionic Storm  
  178  15:39  Carrier  
  180  15:53  High Templar x4  
  180  15:54  Zealot x2  
  192  15:59  Carrier  
  198  16:15  Graviton Catapult  
  198  16:29  High Templar x2  
  198  16:32  Assimilator  
  198  16:33  Assimilator  
  196  17:29  Protoss Air Weapons Level 2  
  196  17:36  Photon Cannon  
  196  17:38  Photon Cannon  
  196  17:40  Photon Cannon  
  196  17:49  Nexus, Cybernetics Core  
  196  17:51  Pylon  
  196  18:10  High Templar x3  
  196  18:12  High Templar  
  200  18:16  Archon  
  200  18:17  Archon  
  196  18:33  Carrier  
  166  18:34  Archon  
  166  18:35  Archon  
  166  18:37  Carrier  
  166  18:40  Carrier, Stalker x4  
  144  18:43  Immortal x2  
  156  18:53  Photon Cannon  
  156  18:55  Photon Cannon  
  156  18:58  Photon Cannon  
  156  19:00  Assimilator  
  158  19:05  Assimilator, Mothership Core (Chrono Boost)  
  158  19:22  Warp Prism  
  164  19:24  Probe x4 (Chrono Boost)  
  164  19:31  Immortal  
  174  19:54  Oracle  
  181  20:06  Carrier  
  163  20:09  Zealot, High Templar x2  
  163  20:10  Zealot x4  
  177  20:15  Warp Prism  
  177  20:17  Archon  
  175  20:29  High Templar  
  175  20:30  Zealot, High Templar  
  175  20:31  Zealot x3  
  187  20:46  High Templar x2  
  187  20:49  Archon  
  191  20:50  Oracle  
  191  20:58  Archon  
  191  21:02  Probe x4 (Chrono Boost)  
  193  21:14  Probe x2 (Chrono Boost)  
  193  21:40  High Templar  
  193  21:41  High Templar x2  
  193  21:44  High Templar x2  
  199  21:52  Warp Prism  
  199  21:59  High Templar  
  188  22:20  Void Ray  
  188  22:22  Void Ray  
  149  22:55  Zealot x8  
  149  23:01  Pylon  
  137  23:27  Archon x2  

Tags
 
Add a new tag
Caveats
  • Supply blocks, unpowered buildings, or Contaminate may cause inaccurate times.
  • Supply counts are checked every 10 seconds.